 Dungeon Crawl Stone Soup version 0.23.0-3-gf3c87f2 (webtiles) character file.

Game seed: 3622579825439938919

189 Paps the Sneak (level 5, -3/35 HPs)
             Began as a Vampire Enchanter on Feb 23, 2019.
             Slain by a gnoll (5 damage)
             ... on level 2 of the Dungeon.
             The game lasted 00:08:03 (4277 turns).

Paps the Sneak (Vampire Enchanter)                  Turns: 4277, Time: 00:08:04

Health: -3/35      AC:  5    Str:  8    XL:     5   Next: 40%
Magic:  2/8        EV: 13    Int: 18    God:
Gold:   169        SH:  0    Dex: 14    Spells: 2/8 levels left

rFire    + . .     SeeInvis +   a - +0 dagger (flame)
rCold    + + .     Gourm    .   (no shield)
rNeg     + + +     Faith    .   b - +2 robe {rF+}
rPois    ∞         Spirit   .   (no helmet)
rElec    .         Reflect  .   (no cloak)
rCorr    .         Harm     .   e - +0 pair of gloves
MR       .....                  (no boots)
Stlth    ++++++....             (no amulet)
HPRegen  0.00/turn              (no ring)
MPRegen  0.11/turn              (no ring)

@: bloodless, non-regenerating
A: rotting body, fangs 3, see invisible, unbreathing
a: Bat Form


You were on level 2 of the Dungeon.
You were bloodless.

You visited 1 branch of the dungeon, and saw 3 of its levels.

You collected 169 gold pieces.

Inventory:

Hand Weapons
 a - a +0 dagger of flaming (weapon)
Armour
 b - a +2 robe of fire resistance (worn)
 e - a +0 pair of gloves (worn)
Scrolls
 f - 2 scrolls of identify {unknown}
 g - a scroll of blinking {unknown}
 h - a scroll of remove curse {unknown}
 k - a scroll of fog {unknown}
 o - a scroll of enchant weapon {unknown}
 r - a scroll of noise {unknown}
 s - a scroll of fear {unknown}
 t - a scroll of immolation {unknown}
 u - a scroll of magic mapping {unknown}
Potions
 c - a potion of resistance {unknown}
 d - 17 potions of blood
 i - 3 potions of curing {unknown}
 j - a potion of agility {unknown}
 l - a potion of mutation {unknown}
 m - a potion of flight {unknown}
 n - a potion of cancellation {unknown}
 p - 2 potions of degeneration {unknown}
 q - a potion of might {unknown}


   Skills:
 + Level 0.3 Fighting
 + Level 1.6 Short Blades
 + Level 2.5 Dodging
 * Level 7.6 Stealth
 + Level 2.4 Spellcasting
 * Level 5.7 Hexes


You had 2 spell levels left.
You knew the following spells:

 Your Spells              Type           Power        Failure   Level  Hunger
a - Corona                Hex            ###....      1%          1    #......
b - Ensorcelled Hibernat  Hex/Ice        ##....       9%          2    ##.....
c - Confuse               Hex            ###.....     4%          3    ###....

Your spell library contained the following spells:

 Spells                   Type           Power        Failure   Level  Hunger
 Tukima's Dance           Hex            ###.....     4%          3    ###....
 Dazzling Spray           Conj/Hex       ##....       16%         3    ###....


Dungeon Overview and Level Annotations

Branches:
Dungeon (3/15)

Altars:
Makhleb
Okawaru


Innate Abilities, Weirdness & Mutations

Your body is rotting away.
You thrive on raw meat.
You do not heal naturally.
You are immune to poison.
You have razor-sharp teeth.
You have supernaturally acute eyesight. (SInv)
You can survive without breathing.


Message History

Casting: Ensorcelled Hibernation (safe; 9% risk of failure)
Confirm with . or Enter, or press ? or * to list all spells.
Aiming: Ensorcelled Hibernation (safe; 9% risk of failure)
Press: ? - help, Shift-Dir - straight line, f/p - gnoll
Aim: a gnoll (severely wounded, chance to defeat MR: 51%)
The gnoll resists with some effort.
The gnoll hits you.
* * * LOW HITPOINT WARNING * * *
Things that are here:
a +0 dagger; a +0 short sword Unknown command.
Casting: Ensorcelled Hibernation (safe; 9% risk of failure)
Confirm with . or Enter, or press ? or * to list all spells.
Aiming: Ensorcelled Hibernation (safe; 9% risk of failure)
Press: ? - help, Shift-Dir - straight line, f/p - gnoll
Aim: a gnoll (heavily wounded, chance to defeat MR: 51%)
The gnoll resists with some effort.
You closely miss the gnoll.
The gnoll is heavily wounded.
The gnoll hits you.
You die...

#.......# ######## #.(.....#
##########......####.......#
.........'......'..'.......#
######.###......####.......# #÷#
#.....<# ##.)....# #.# #......#
##......##
######.###......####........#####
................@g)..............
############.#######.............
...................+.............
############.#######.............
..# #.# #............. #.#####
#.# #........#+### #.#...# #.#
#........#.### #.#...# #.#
######'###.... #.#...# #.#
###..##....


You could see a gnoll.

Vanquished Creatures
  A hound (D:3)
  Jessica (D:2)
  4 gnolls (D:2)
  3 adders
  A worm (D:2)
  4 dart slugs
  3 ball pythons (D:2)
  6 bats
  5 giant cockroaches
  7 goblins
  6 hobgoblins
  2 jackals (D:2)
  A quokka (D:2)
  4 frilled lizards
  6 kobolds
  9 rats
63 creatures vanquished.

Notes
Turn   | Place    | Note
-------+----------+-------------------------------------------
     0 | D:1      | Paps the Vampire Enchanter began the quest for the Orb.
     0 | D:1      | Reached XP level 1. HP: 13/13 MP: 3/3
   341 | D:1      | Reached XP level 2. HP: 19/19 MP: 5/5
   348 | D:1      | Learned a level 2 spell: Ensorcelled Hibernation
   479 | D:1      | Reached skill level 5 in Stealth
   658 | D:1      | Reached skill level 5 in Hexes
   886 | D:1      | Reached XP level 3. HP: 16/24 MP: 6/6
  1148 | D:1      | Learned a level 3 spell: Confuse
  2608 | D:2      | Noticed Jessica
  2666 | D:2      | Killed Jessica
  2666 | D:2      | Reached skill level 6 in Stealth
  2666 | D:2      | Reached XP level 4. HP: 17/30 MP: 0/7
  3250 | D:2      | Reached skill level 7 in Stealth
  3915 | D:2      | Reached XP level 5. HP: 35/35 MP: 5/8
  4001 | D:3      | Found a burning altar of Makhleb.
  4100 | D:3      | Found an iron altar of Okawaru.
  4277 | D:2      | Slain by a gnoll

Skill      XL: |  1  2  3  4 |
---------------+-------------+-----
Stealth        | 5 6 7 |  7.6
Hexes          | 5 |  5.7
Fighting       | |  0.3
Short Blades   | |  1.6
Dodging        | |  2.5
Spellcasting   | |  2.4

Action                   |  1- 3 |  4- 6 || total
-------------------------+-------+-------++-------
Melee: Dagger            |   110 |    66 ||   176
       Bite              |     6 |     7 ||    13
 Cast: Ensorcelled Hiber |    18 |    32 ||    50
 Abil: End Transformatio |     1 |       ||     1
       Bat Form          |     1 |       ||     1
  Use: Potion            |     1 |     2 ||     3
 Stab: Sleeping          |    22 |    19 ||    41
Armor: Robe              |    30 |    20 ||    50
Dodge: Dodged            |    65 |    37 ||   102
